Cogmind - Beta 12 @@@ ROGUE MODE // 2023.07.26 @ 18:25:25 Player: Raix Result: Destroyed by as-16152 with Assembled Heavy Rifle Performance ------------- Evolutions (0) 0 Regions Visited (2) 400 Robots Destroyed (0) 0 Value Destroyed (0) 0 Prototype IDs (0) 0 Alien Tech Used (0) 0 Bonus (0) 0 TOTAL SCORE: 400 Bonus ------- None Cogmind --------- Core Integrity 0/250 Matter 256/300 Energy 100/100 System Corruption 4% Temperature Cool (0) Movement Core (50) Location -10/Mines Parts ------- > --- POWER (1) -------- (None) > --- PROPULSION (2) --- (None) > --- UTILITY (2) ------ (None) > --- WEAPON (2) ------- (None) > --- INVENTORY (5) ---- (None) Peak State ------------ > --- POWER ------------ Ion Engine > --- PROPULSION ------- Wheel Wheel > --- UTILITY ---------- (None) > --- WEAPON ----------- Assault Rifle Assault Rifle > --- INVENTORY -------- (None) [Rating: 5] Favorites ----------- Power Ion Engine Engine Ion Engine Propulsion Wheel Wheel Wheel Utility None Weapon Assault Rifle Ballistic Gun Assault Rifle Build | -11 -10 -10 ------- Run | Jun Mat Min Slots Evolved . | . . . Power . | . . . Propulsion . | . . . Utility . | . . . Weapon . | . . . Parts Attached 7 | . 2 5 Power 1 | . . 1 Engine 1 | . . 1 Core . | . . . Reactor . | . . . Propulsion 2 | . . 2 Treads . | . . . Leg . | . . . Wheel 2 | . . 2 Hover . | . . . Flight . | . . . Utility . | . . . Device . | . . . Storage . | . . . Processor . | . . . Hackware . | . . . Protection . | . . . Artifact . | . . . Weapon 4 | . 2 2 Energy Gun . | . . . Energy Cannon . | . . . Ballistic Gun 4 | . 2 2 Ballistic Cannon . | . . . Launcher . | . . . Special Weapon . | . . . Impact Weapon . | . . . Slashing Weapon . | . . . Piercing Weapon . | . . . Special Melee Weapon . | . . . Unidentified Prototypes . | . . . Parts Lost 4 | . . 4 Power 1 | . . 1 Propulsion 2 | . . 2 Utility . | . . . Weapon 1 | . . 1 Highest Loss Streak 4 | . . 4 To Critical Strikes . | . . . Average Slot Usage (%) 9 | . 4 11 Engine 1 | . . 2 Wheel 1 | . . 2 Ballistic Gun 5 | . 4 6 Naked Turns 136 | . 57 79 Heaviest Build 9 | . . 9 Greatest Support 20 | 3 3 20 Greatest Overweight (x) . | . . . Average Overweight (x) . | . . . Largest Inventory Capacity 5 | 5 5 5 Average Capacity 5 | 5 5 5 Most Carried 5 | 5 5 5 Average Carried 3 | 1 4 3 Final Capacity 5 | 5 5 5 Final Carried 5 | 5 5 . Class Distribution -------------------- 100% | Mutant Dominant Class ---------------- Mutant | -10/Materials Mutant | -10/Mines Resources | -11 -10 -10 ----------- Run | Jun Mat Min Matter Collected 234 | 192 . 42 Remotely . | . . . Salvage Created 13 | . . 13 Parts . | . . . Haulers Intercepted . | . . . Recyclers Shooed . | . . . Parts Field Recycled . | . . . Retrieved Matter . | . . . Parts Self-Destructed . | . . . Prevented . | . . . Kills | -11 -10 -10 ------- Run | Jun Mat Min Combat Hostiles Destroyed 1 | . . 1 Guns 1 | . . 1 Classes Destroyed 1 | . . 1 Assembled 1 | . . 1 Best Kill Streak 1 | . . 1 Combat Bots Only 1 | . . 1 Max Kills in Single Turn 1 | . . 1 Gunslinging . | . . . Exploded . | . . . Melee . | . . . Uniques/NPCs Destroyed . | . . . Combat | -11 -10 -10 -------- Run | Jun Mat Min Damage Taken 517 | . 4 513 Core 257 | . 4 253 Absorbed by Shields . | . . . Core Remaining (%) 100 | 100 . . Volleys Fired 7 | . 1 6 Largest 2 | . 2 2 Hottest 40 | . 40 40 Shots Fired 11 | . 2 9 Gun 11 | . 2 9 Cannon . | . . . Launcher . | . . . Special . | . . . Kinetic 11 | . 2 9 Thermal . | . . . Explosive . | . . . Electromagnetic . | . . . Robot Hit Streak 2 | . 1 2 Robot Miss Streak 5 | . 1 5 Penetration Max . | . . . Secondary Targets . | . . . Shots Hit Robots 5 | . 1 4 Core Hits 2 | . . 2 Critical Kills . | . . . Critical Parts Destroyed . | . . . Critical Strikes . | . . . Melee Attacks . | . . . Impact . | . . . Slashing . | . . . Piercing . | . . . Sneak Attacks . | . . . Combat Hostiles . | . . . Follow-up Attacks . | . . . Damage Inflicted 95 | . 23 72 Guns 86 | . 14 72 Cannons . | . . . Explosions . | . . . Melee . | . . . Ramming 9 | . 9 . Kinetic 86 | . 14 72 Thermal . | . . . Explosive . | . . . Electromagnetic . | . . . Impact . | . . . Slashing . | . . . Piercing . | . . . Highest Corruption 4 | . . 4 Average Corruption 4 | . . 4 Corruption Purged . | . . . Corruption Blocked . | . . . Overload Shots . | . . . Overflow Damage . | . . . Projectiles . | . . . Explosions . | . . . Melee . | . . . Knockbacks . | . . . Impact . | . . . Kinetic . | . . . Secondary . | . . . Self-Inflicted Damage 4 | . 4 . Shots . | . . . Rammed 1 | . 1 . Targets Rammed 1 | . 1 . Kicked . | . . . Crushed . | . . . Highest Temperature . | . . . Average Temperature . | . . . Received Heat Transfer . | . . . Siege Activations . | . . . Robots Corrupted . | . . . Combat Hostiles . | . . . Parts Fried . | . . . Impact Corruptions . | . . . Robots Melted . | . . . Combat Hostiles . | . . . Parts Melted . | . . . Heat Transferred . | . . . Parts Sabotaged . | . . . Parts Stolen . | . . . Parts Stripped . | . . . Power Chain Reactions . | . . . Missiles Intercepted . | . . . Alert | -11 -10 -10 ------- Run | Jun Mat Min Peak Influence 15 | . 15 15 Initial 5 | . . 5 Average 3 | . 3 5 Maximum Alert Level . | . . . Low Security (%) 100 | 100 100 100 Level 1 . | . . . Level 2 . | . . . Level 3 . | . . . Level 4 . | . . . Level 5 . | . . . High Security . | . . . Max Security . | . . . Squads Dispatched . | . . . Investigation . | . . . Extermination . | . . . Reinforcement . | . . . Assault . | . . . Garrison . | . . . Intercept . | . . . Searches Triggered . | . . . Construction Impeded . | . . . Haulers Reinforced . | . . . Active Scanning Responses . | . . . Cargo Convoy Interrupts . | . . . Stealth | -11 -10 -10 --------- Run | Jun Mat Min Distress Signals 1 | . 1 . Communications Jammed . | . . . Distress Signals . | . . . Times Spotted 29 | . 3 26 Peak Tracking Total 20 | . 3 20 Tactical Retreats 3 | . . 3 Traps | -11 -10 -10 ------- Run | Jun Mat Min Traps Triggered . | . . . Indirectly . | . . . Trap Hack Attempts . | . . . Triggered . | . . . Disarmed . | . . . Reprogrammed . | . . . Reused . | . . . Traps Extracted . | . . . Installed . | . . . Triggered . | . . . Machines | -11 -10 -10 ---------- Run | Jun Mat Min Machines Disabled . | . . . Max in Single Turn . | . . . Machines Repaired . | . . . Machines Sabotaged . | . . . Overloaded Fab Kills . | . . . Hacking | -11 -10 -10 --------- Run | Jun Mat Min Machines Accessed . | . . . Terminals . | . . . Fabricators . | . . . Repair Stations . | . . . Recycling Units . | . . . Scanalyzers . | . . . Garrison Access . | . . . Total Hacks . | . . . Successful . | . . . Failed . | . . . Catastrophic . | . . . Database Lockouts . | . . . Manual . | . . . Terminals . | . . . Fabricators . | . . . Repair Stations . | . . . Recycling Units . | . . . Scanalyzers . | . . . Garrison Access . | . . . Terminal Hacks . | . . . Fabricator Hacks . | . . . Repair Station Hacks . | . . . Recycling Unit Hacks . | . . . Scanalyzer . | . . . Garrison Access Hacks . | . . . Unauthorized Hacks . | . . . Terminals . | . . . Fabricators . | . . . Repair Stations . | . . . Recycling Units . | . . . Scanalyzers . | . . . Garrison Access . | . . . Data Cores Recovered . | . . . Used . | . . . Hacking Detections . | . . . Full Trace Events . | . . . Feedback Events . | . . . Feedback Blocked . | . . . Robot Schematics Acquired . | . . . Robots Built . | . . . Authchips . | . . . Time . | . . . Total Robot Build Rating . | . . . Part Schematics Acquired . | . . . Parts Built . | . . . Authchips . | . . . Time . | . . . Total Part Build Rating . | . . . Parts Repaired . | . . . Time . | . . . Parts Recycled . | . . . Recycled Matter . | . . . Retrieved Matter . | . . . Retrieved Components . | . . . Parts Scanalyzed . | . . . Part Schematics Acquired . | . . . Parts Damaged . | . . . Bothacking | -11 -10 -10 ------------ Run | Jun Mat Min Used RIF Installer . | . . . Robots Hacked . | . . . Non-combat . | . . . Combat . | . . . Robot Hacks Applied . | . . . Relay Couplers Released . | . . . Fabnet Peak Effective % . | . . . Robots Rewired . | . . . Allies Hacked . | . . . Hacks Repelled . | . . . Allies | -11 -10 -10 -------- Run | Jun Mat Min Total Allies . | . . . Largest Group . | . . . Highest-Rated Group . | . . . Highest-Rated Ally . | . . . Total Orders . | . . . Ally Attacks . | . . . Total Damage . | . . . Kills . | . . . Allies Corrupted . | . . . Allies Melted . | . . . Intel | -11 -10 -10 ------- Run | Jun Mat Min Robot Analysis Total . | . . . Derelict Logs Recovered 1 | . . 1 Drone Launches . | . . . Drone Recoveries . | . . . Exploration | -11 -10 -10 ------------- Run | Jun Mat Min Turns Passed 222 | 55 63 104 Spaces Moved 369 | 96 112 161 Core 362 | 96 112 154 Treads . | . . . Legs . | . . . Wheels 7 | . . 7 Hover . | . . . Flight . | . . . Fastest Speed 50 | 50 50 50 Average Speed 50 | 50 50 51 Slowest Speed 80 | 50 50 80 Overloaded Moves . | . . . Propulsion Burnouts . | . . . Robots Hopped . | . . . Cave-ins Triggered . | . . . Exploration Rate (%) 28 | 3 23 60 Regions Visited 2 Branch Regions 1 Pre-discovered Areas . | . . . Known Exits Taken . | . . . Unknown Exits Taken 2 | 1 1 . Scrap Searched . | . . . Spaces Dug . | . . . Terrain Destroyed . | . . . Melee . | . . . Projectile . | . . . AOE . | . . . Terrain Rammed . | . . . Walls Destroyed . | . . . Machines Disabled . | . . . Actions | -11 -10 -10 --------- Run | Jun Mat Min Total 392 | 102 117 173 Wait . | . . . Move 367 | 95 111 161 Hop . | . . . Pick Up 6 | 6 . . Fast Attach . | . . . Attach 7 | . 2 5 Detach 2 | . 2 . Swap . | . . . Drop 2 | 1 . 1 Fire 7 | . 1 6 Melee . | . . . Ram 1 | . 1 . Kick . | . . . Crush . | . . . Escape Stasis . | . . . Rewire . | . . . Trap . | . . . Miscellaneous . | . . . Route ------- -11/Junkyard -10/Materials -10/Mines History --------- Turn | Location | Event 7 | -11/Junkyard | Discovered new exit (range 16) 56 | -11/Junkyard | Entered Materials 102 | -10/Materials | Discovered new exit (range 15) 119 | -10/Materials | Entered Mines 123 | -10/Mines | Assembled infested the area 180 | -10/Mines | Learned Materials garrison access intel 210 | -10/Mines | Core integrity fell below 50% 215 | -10/Mines | Core integrity fell below 20% 223 | -10/Mines | Destroyed by as-16152 with Assembled Heavy Rifle Last Messages --------------- GOAL=ESCAPE 00123_ ALERT: Infestation in the mines, dispatching Demolisher response squad. 00150_ Acquired 29 matter. 00166_ T-07 Excavator is excavating. 00174_ A derelict is hurriedly installing traps. 00176_ VA-H78(g): "Hehe, this'll put a wrench in their mining defense operations..." 00176_ VA-H78(g) slips into the shadows. 00180_ Acquired derelict log, extracted data. Data stored: Materials garrison access intel. [Achievement: Slippery One] 00205_ Wheel destroyed. 00205_ System corrupted by crushing effect (+4). 00207_ Assault Rifle destroyed. 00207_ Wheel destroyed. 00207_ as-90109 destroyed. 00212_ Ion Engine destroyed. 00213_ Dropped Assault Rifle. 00214_ Acquired 13 matter. Map ----- +----------------------------------------------------+ | ??????????????? ##?????????????????????????????? | | ??????????????# ##????????????????????????????? | | ?????????????# = ##???????????????????????????? | | ????????????# ! ###?????????????????????????? | | ???????????? ????????????????????????? | | ???????????? ????????????????????????? | | ###?????????# ?????????????????????????? | | #????????# ????????????????????????? | | #! ######### ???????????????????????????? | | ?# ## ## #??????????????????????????????? | | ??# #???????????????????????????????? | | ?## #???????????????????????????????? | | ?# [ #???????????????????????????????? | | ?# ### ##???????????????????????????????? | | ?# ##?## ##???????????????????????????????? | | ?## ##???# ##???????????#####??????????????? | | ??####????## #??????????## ##?????????????? | | ???????????## a ##?????????# #?????????????? | | ????????????# ## #?????????# % #?????????????? | | ??########### ### a##????????# ##??####??????? | | ??# ^ #?## ###??????# #### ???????? | | ??# ^## #??# !a ##????##a ## #???????? | | ??# # ####??## ######a # ##??????? | | ??# #^ #??????## #??????? | | ??# # ##???????## a #??##### | | ??# ##?????????## @ #### #### | | ??# ######??###??## ## ### ## | | ??# #??## #### ### | | ??## #######???# #???## ##??# #?# | | ???## ##????????## #???# #???# ##?# | | ????# #####????## ???#a#???# #??## | | ????# #???## ##?# #???# #???###### | | ????#### #??## ### #???# #????????####### | | ???????# #??# """ ##a#???# #??????????????? | | ???????# #??# """ ## #??? ##??????????????? | | ??###### #???# """ #??# ##??###??????????? | | ??# #???### ####????????## ###???????? | | ??# ##????##### #???????????? #??????? | | ??### #????????# #????????????? #?????? | | ????# ##??????## ##?????????????? ###??? | | ????# ###???## ###### #???????# ##?? | | ????# ##### ######???# ##? | | ???# ######??# #??## ## | | ##???????# #??# # | | ###????????# ##?# | | ## ##??????????# #?## # # | | # ####?## """ #???????????# #??#??# ## | | ## #??????# """ #???????????# ####### ### | | ?####???????# """ ##???????????# #?## | | ???????????? ###????????????# #########??# | +----------------------------------------------------+ Best States ------------- Heat Dissipation 25 Energy Generation 10 Energy Capacity 250 Matter Stores 300 Matter Capacity 300 Sight Range 16 Terrain Scan Density 10 Evasion (%) 50 Item Schematics ----------------- None Robot Schematics ------------------ None Fabricated ------------ Nothing Alien Tech Used ----------------- None Achievements -------------- Slippery One Challenges ------------ None Game ------ Seed GuidanceMicroHumpback Manual? 0 Play Time 00:04:49 Cumulative 16.6 hours Start 2023.07.26 @ 18:22:12 End 2023.07.26 @ 18:25:25 Sessions 1 Manual Loads 0 Difficulty Rogue Special Mode None Game No. 40 Rogue 39 Adventurer 1 Explorer 0 Win Type - Total 0 Types 0/0/0/0/0/0/0/0/0 Lore% 21 Gallery% 28 Achievement% 21 Wizard Run 0 Options --------- ASCII 0 Keyboard 0 Movement Numpad Keybinds 0 Fullscreen 1 Font 18/SmallcapsGlow Map View 76x50 Tactical HUD 1 Map Filters NONE Filters NONE Steam 1 RUN: 46deec46-c3b6-4340-a63f-7eb663c3c969